 Dungeon Crawl Stone Soup version 0.28-a0-1159-g27aa881441 (webtiles) character file.

Game seed: 3597149913946107230

83 oldriver the Chiller (level 4, 0/24 HPs)
             Began as a Kobold Ice Elementalist on Dec 16, 2021.
             Slain by a centaur skeleton (1 damage)
             ... on level 3 of the Dungeon.
             The game lasted 00:04:39 (3431 turns).

oldriver the Chiller (Kobold Ice Elementalist)      Turns: 3431, Time: 00:04:41

Health: 0/24       AC:  2    Str:  5    XL:     4   Next: 71%
Magic:  6/18       EV: 15    Int: 18    God:
Gold:   181        SH:  0    Dex: 15    Spells: 3/10 levels left

rFire   . . .      SeeInvis .   c - +0 dagger
rCold   . . .      Faith    .   (shield restricted)
rNeg    . . .      Spirit   .   a - +0 robe
rPois   .          Reflect  .   (no helmet)
rElec   .          Harm     .   (no cloak)
rCorr   .          Rampage  .   (no gloves)
Will    .....                   (no boots)
Stlth   +++.......              (no amulet)
HPRegen 0.08/turn               i - ring of magical power
MPRegen 0.16/turn               (no ring)

@: freezing walls
A: small, no large weapons, nightstalker 3
a: no special abilities


You were on level 3 of the Dungeon.
You visited 1 branch of the dungeon, and saw 3 of its levels.

You collected 181 gold pieces.

Inventory:

Hand Weapons
 c - a +0 dagger (weapon)
Missiles
 b - 47 bolts
Armour
 a - a +0 robe (worn)
Magical Staves
 e - a staff of air
Jewellery
 i - a ring of magical power (left hand)
Wands
 f - a wand of iceblast (5)
 g - a wand of acid (7)
Scrolls
 d - a scroll of identify {unknown}
 o - a scroll of fear {unknown}
Potions
 h - a potion of might {unknown}
 j - a potion of resistance {unknown}
 k - a potion of flight {unknown}
 l - 3 potions of curing {unknown}
 m - 2 potions of heal wounds {unknown}
 n - a potion of cancellation {unknown}


   Skills:
 * Level 0.7 Fighting
 + Level 2.6 Dodging
 + Level 2.9 Stealth
 * Level 3.9 Spellcasting
 * Level 4.4 Ice Magic


You had 3 spell levels left.
You knew the following spells:

 Your Spells              Type           Power      Damage    Failure   Level
a - Freeze                Ice            76%        1d9       2%          1
b - Frozen Ramparts       Ice            38%        1d5       8%          3
c - Ozocubu's Armour      Ice            19%        N/A       8%          3

Your spell library contained the following spells:

 Spells                   Type           Power      Damage    Failure   Level
 Hailstorm                Conj/Ice       11%        3d5       52%         4


Dungeon Overview and Level Annotations

Branches:
Dungeon (3/15)

Altars:


Innate Abilities, Weirdness & Mutations

You are small and have problems with some larger weapons.
You are completely attuned to the shadows.


Message History

* * * LOW HITPOINT WARNING * * *
The centaur skeleton kicks you.
* * * LOW HITPOINT WARNING * * *
The centaur skeleton misses you. The centaur skeleton barely misses you.
Casting: Freeze (safe; 2% risk of failure)
Confirm with . or Enter, or press ? or * to list all spells.
Aiming: Freeze (safe; 2% risk of failure)
Press: ? - help, Shift-Dir - straight line, f/p - centaur skeleton
Aim: a centaur skeleton (almost destroyed)
You freeze the centaur skeleton but do no damage.
The centaur skeleton completely resists.
The centaur skeleton hits you but does no damage.
The centaur skeleton kicks you but does no damage.
Casting: Freeze (safe; 2% risk of failure)
Confirm with . or Enter, or press ? or * to list all spells.
The spell is quite dangerous to miscast (8% risk of failure)!
Continue anyway?
Casting: Frozen Ramparts (quite dangerous; 8% risk of failure)
Press: ? - help, Dir - look around, f - activate The walls around you are covered in ice.
The centaur skeleton completely resists.
The wall freezes the centaur skeleton but does no damage.
The centaur skeleton completely misses you.
The centaur skeleton kicks you.
* * * LOW HITPOINT WARNING * * *
Casting: Frozen Ramparts (quite dangerous; 8% risk of failure)
Confirm with . or Enter, or press ? or * to list all spells.
Aiming: Freeze (safe; 2% risk of failure)
Press: ? - help, Shift-Dir - straight line, f - centaur skeleton
Aim: a centaur skeleton (almost destroyed)
You freeze the centaur skeleton.
The centaur skeleton resists.
The centaur skeleton is almost destroyed.
The centaur skeleton completely resists.
The wall freezes the centaur skeleton but does no damage.
The centaur skeleton hits you.
* * * LOW HITPOINT WARNING * * *
The centaur skeleton closely misses you.
The centaur skeleton completely resists.
The wall freezes the centaur skeleton but does no damage.
The centaur skeleton barely misses you. The centaur skeleton kicks you.
You die...

##........
####.##.# .
##...## .##.....#
#.....# #.....#
##...## # ##.##
#########.## #.#
#......@Z... #.#
#.##.##..... #.#
#.##.##.....
#.####.##.##.....
#.........##.#...
######.....
######


You could see a centaur skeleton.

Vanquished Creatures
  3 gnolls (D:2)
  An adder (D:2)
  2 dart slugs
  2 ball pythons
  2 bats
  5 endoplasms
  2 giant cockroaches
  A hobgoblin (D:2)
  4 jackals (D:1)
  A quokka (D:1)
  A frilled lizard (D:1)
  7 goblins
  4 kobolds
  3 rats
38 creatures vanquished.

Notes
Turn   | Place    | Note
-------+----------+-------------------------------------------
     0 | D:1      | oldriver the Kobold Ice Elementalist began the quest for
                  | the Orb.
     0 | D:1      | Reached XP level 1. HP: 10/10 MP: 3/3
     2 | D:1      | Noticed a demonspawn
     2 | D:1      | Noticed a naga
     4 | D:1      | Noticed a felid
     6 | D:1      | Noticed a ghoul
     8 | D:1      | Noticed an ogre
     8 | D:1      | Noticed a minotaur
    10 | D:1      | Noticed a dwarf
    12 | D:1      | Noticed a merfolk
    12 | D:1      | Noticed a demigod
    14 | D:1      | Noticed a formicid
    16 | D:1      | Noticed a troll
    16 | D:1      | Noticed a vampire
    18 | D:1      | Noticed a draconian
    18 | D:1      | Noticed an elf
    20 | D:1      | Noticed a gargoyle
    20 | D:1      | Noticed a tengu
    22 | D:1      | Noticed a human
    22 | D:1      | Noticed an octopode
    24 | D:1      | Noticed a spriggan
    26 | D:1      | Noticed a vine stalker
   297 | D:1      | Reached XP level 2. HP: 15/15 MP: 3/5
   685 | D:1      | Reached XP level 3. HP: 19/19 MP: 7/7
  1945 | D:2      | Learned a level 3 spell: Frozen Ramparts
  1949 | D:2      | Learned a level 3 spell: Ozocubu's Armour
  2139 | D:2      | Reached XP level 4. HP: 19/24 MP: 9/9
  2639 | D:2      | Found a faded altar of an unknown god.
  3431 | D:3      | HP: 1/24 [centaur skeleton (4)]
  3431 | D:3      | Slain by a centaur skeleton

Illustrated notes

Levels and vault maps discovered:
D:1:      kb_arrival_jail, layout_rooms
D:2:      layout_loops_corners, hellmonk_ecumenical_altar_leap_of_faith,
          nicolae_elevator_lobby_asterisk
D:3:      layout_loops_corners, grunt_ministairs_2

Skill      XL: |  1  2 |
---------------+-------+-----
Spellcasting   | 3 |  3.9
Fighting       | |  0.7
Dodging        | |  2.6
Stealth        | |  2.9
Ice Magic      | |  4.4

Action                   |  1- 3 |  4- 6 || total
-------------------------+-------+-------++-------
Melee: Unarmed           |     3 |       ||     3
       Dagger            |    11 |     7 ||    18
 Cast: Freeze            |    32 |    41 ||    73
       Frozen Ramparts   |       |     2 ||     2
 Stab: Sleeping          |     6 |     1 ||     7
Armor: Robe              |     1 |    11 ||    12
Dodge: Dodged            |    21 |    62 ||    83

Table legend: (Time is in decaauts)
 A = Elapsed time spent in this place.
 B = Non-inter-level travel time spent in this place.
 C = Inter-level travel time spent in this place.
 D = Time resting spent in this place.
 E = Time spent auto-exploring this place.
 F = Levels seen in this place.
 G = Mean time per level.
                   A        B        C        D        E       F      G
               +--------+--------+--------+--------+--------+-----+--------+
         Total |   3432 |   3296 |    136 |   1376 |   1463 |   3 | 1144.0 |
       Dungeon |   3432 |   3296 |    136 |   1376 |   1463 |   3 | 1144.0 |
               +--------+--------+--------+--------+--------+-----+--------+

Top non-repeatable levels by time:
     D:2: 1861 daAuts
     D:1: 1167 daAuts
     D:3: 403 daAuts
